 Dungeon Crawl Stone Soup version 0.29-a0-1030-gf5f8719cae (webtiles) character file.

Game seed: 3668082151974600357

50 Conn the Firebug (level 3, 0/21 HPs)
             Began as an Octopode Fire Elementalist on Aug 13, 2022.
             Slain by Natasha (10 damage)
             ... on level 2 of the Dungeon.
             The game lasted 00:03:04 (1840 turns).

Conn the Firebug (Octopode Fire Elementalist)       Turns: 1840, Time: 00:03:05

Health: 0/21       AC:  1    Str:  7    XL:     3   Next: 79%
Magic:  3/6        EV: 13    Int: 19    God:
Gold:   35         SH:  0    Dex: 12    Spells: 3/6 levels left

rFire   . . .      SeeInvis .   g - staff of conjuration
rCold   . . .      Faith    .   (no shield)
rNeg    . . .      Spirit   .   (helmet restricted)
rPois   .          Reflect  .   (no amulet)
rElec   .          Harm     .   (no ring)
rCorr   .          Rampage  .   (no ring)
Will    .....                   (no ring)
Stlth   +++.......              (no ring)
HPRegen 0.07/turn               (no ring)
MPRegen 0.10/turn               (no ring)
                                (no ring)
                                (no ring)

@: no status effects
A: almost no armour, amphibious, 8 rings, camouflage 1, gelatinous body 1,
(nimble swimmer 1), tentacles
a: no special abilities


You were on level 2 of the Dungeon.
You visited 1 branch of the dungeon, and saw 3 of its levels.

You collected 35 gold pieces.

Inventory:

Hand Weapons
 a - a +0 dagger
Magical Staves
 g - a staff of conjuration (weapon)
Scrolls
 b - 6 scrolls of butterflies {unknown}
 c - 2 scrolls of acquirement {unknown}
Potions
 d - a potion of lignification {unknown}
 e - a potion of attraction {unknown}
 f - a potion of ambrosia {unknown}
 h - a potion of mutation {unknown}
 i - a potion of might {unknown}


   Skills:
 + Level 2.0 Dodging
 + Level 3.7 Stealth
 + Level 2.1 Spellcasting
 + Level 1.6 Conjurations
 + Level 3.7 Fire Magic


You had 3 spell levels left.
You knew the following spells:

 Your Spells              Type           Power      Damage    Failure   Level
a - Foxfire               Conj/Fire      72%        2x1d7     5%          1
e - Scorch                Fire           32%        2d6       5%          2

Your spell library contained the following spells:

 Spells                   Type           Power      Damage    Failure   Level
 Conjure Flame            Conj/Fire      18%        6-21      16%         3
 Inner Flame              Hex/Fire       9%         N/A       22%         3
 Flame Wave               Conj/Fire      18%        2d7       47%         4


Dungeon Overview and Level Annotations

Branches:
Dungeon (3/15)

Altars:

Shops:
D:1 ?

Annotations:
D:2 Natasha, Robin


Innate Abilities, Weirdness & Mutations

You cannot wear most types of armour.
You are amphibious.
You can wear up to eight rings at the same time.
Your skin changes colour to match your surroundings (Stealth+).
Your rubbery body absorbs attacks. (AC +1, EV +1)
((You are camouflaged when in or above water. (Stealth+)))
You have tentacles for arms and can constrict up to eight enemies at once.


Message History

You kill the bat!
Unknown command.
Casting: Foxfire (safe; 5% risk of failure)
Confirm with . or Enter, or press ? or * to list all spells.
You feel a surge of power!
You conjure some foxfire!
Unknown command.
Your foxfire dissipates!
Your foxfire dissipates! x3
i - a grey potion Magic restored.
Natasha, Servant of Life and Death comes into view.
Casting: Foxfire (safe; 5% risk of failure)
Confirm with . or Enter, or press ? or * to list all spells.
You feel a surge of power!
You conjure some foxfire!
Natasha hisses angrily.
Unknown command.
Casting: Foxfire (safe; 5% risk of failure)
Confirm with . or Enter, or press ? or * to list all spells.
You feel a surge of power!
You conjure some foxfire!
The foxfire hits Natasha.
Natasha is lightly wounded.
Natasha claws you!
Unknown command.
Casting: Foxfire (safe; 5% risk of failure)
Confirm with . or Enter, or press ? or * to list all spells.
You feel a surge of power!
You conjure some foxfire!
The foxfire hits Natasha but does no damage.
Natasha is lightly wounded.
The foxfire hits Natasha.
Natasha is lightly wounded.
The foxfire hits Natasha.
Natasha is moderately wounded.
Natasha claws you.
You closely miss Natasha. Your grab misses Natasha.
Natasha is moderately wounded.
The foxfire hits Natasha.
Natasha is heavily wounded.
The foxfire hits Natasha.
Natasha is almost dead.
Natasha claws you!
You die...

############
#.#..........#
#.#.########.#
#.#.###......#
#.§@h......#######
#.§...............
#..........#######
#.................
#..<.........#..###
#..........#.#....#
#.#.###...........#
#.#.####.###......
#.#.#............#


You could see Natasha.

Vanquished Creatures
  2 adders (D:3)
  5 ball pythons
  4 endoplasms
  2 giant cockroaches
  6 goblins
  A hobgoblin (D:1)
  A kobold (D:1)
  2 quokkas (D:3)
  2 bats (D:2)
  3 frilled lizards (D:1)
  A rat (D:3)
29 creatures vanquished.

Vanquished Creatures (others)
  89 foxfires
89 creatures vanquished.

Grand Total: 118 creatures vanquished

Notes
Turn   | Place    | Note
-------+----------+-------------------------------------------
     0 | D:1      | Conn the Octopode Fire Elementalist began the quest for the
                  | Orb.
     0 | D:1      | Reached XP level 1. HP: 11/11 MP: 3/3
   137 | D:1      | Found a faded altar of an unknown god.
   352 | D:1      | Reached XP level 2. HP: 16/17 MP: 5/5
   430 | D:1      | Found Faihia's Magic Scroll Shop.
   909 | D:2      | Noticed Robin
  1555 | D:3      | Reached XP level 3. HP: 21/21 MP: 2/6
  1558 | D:3      | Learned a level 2 spell: Scorch
  1835 | D:2      | Noticed Natasha
  1840 | D:2      | Slain by Natasha

Illustrated notes

Levels and vault maps discovered:
D:1:      dpeg_arrival_simpleton_a, layout_loops_ring, serial_shops, shop,
          shapermc_ecumenical_altar_totnotflames, ebering_dispersal_statue_hall,
          st_stairs_5, minmay_crystal_water
D:2:      layout_basic, uniq_natasha, uniq_robin
D:3:      layout_rooms

Skill      XL: |  1  2 |
---------------+-------+-----
Stealth        | 3 |  3.7
Dodging        | |  2.0
Spellcasting   | |  2.1
Conjurations   | |  1.6
Fire Magic     | |  3.7

Action                   || total
-------------------------++-------
Melee: Dagger            ||    11
       Tentacles         ||     4
       Constrict         ||     1
       Staff             ||     1
 Cast: Foxfire           ||    50
 Stab: Sleeping          ||     3
Dodge: Dodged            ||     5

Table legend: (Time is in decaauts)
 A = Elapsed time spent in this place.
 B = Non-inter-level travel time spent in this place.
 C = Inter-level travel time spent in this place.
 D = Time resting spent in this place.
 E = Time spent auto-exploring this place.
 F = Levels seen in this place.
 G = Mean time per level.
                   A        B        C        D        E       F      G
               +--------+--------+--------+--------+--------+-----+--------+
         Total |   1838 |   1759 |     79 |      0 |   1343 |   3 |  612.7 |
       Dungeon |   1838 |   1759 |     79 |      0 |   1343 |   3 |  612.7 |
               +--------+--------+--------+--------+--------+-----+--------+

Top non-repeatable levels by time:
     D:1: 1023 daAuts
     D:3: 513 daAuts
     D:2: 302 daAuts
